 Dungeon Crawl Stone Soup version 0.23-a0-29-g1be82e5 (webtiles) character file.

28106 Amnesiac the Geomancer (level 13, -3/79 HPs)
             Began as a Mummy Earth Elementalist on Aug 3, 2018.
             Was an Elder of Vehumet.
             Shot with an arrow by a centaur (8 damage)
             ... on level 2 of the Orcish Mines.
             The game lasted 00:35:24 (15253 turns).

Amnesiac the Geomancer (Mummy Earth Elementalist)  Turns: 15253, Time: 00:35:25

Health: -3/79      AC:  7    Str: 13    XL:     13   Next: 8%
Magic:  24/31      EV: 11    Int: 22    God:    Vehumet [****..]
Gold:   2131       SH:  5    Dex: 12    Spells: 22/41 levels left

rFire    x . .     SeeInvis .   a - +1 whip (elec)
rCold    + . .     Gourm    .   y - +0 buckler
rNeg     + + +     Faith    .   w - +0 troll leather armour
rPois    ∞         Spirit   .   p - +0 helmet
rElec    .         Reflect  .   c - +0 cloak {rPois}
rCorr    .         Harm     .   (no gloves)
MR       ++...                  m - +0 pair of boots
Stlth    +.........             l - amulet of regeneration
HPRegen  1.03/turn              j - +4 ring of intelligence
MPRegen  0.22/turn              B - ring of protection from magic

@: very slightly contaminated
A: no food or potions, fire vulnerability, cold resistance 1, negative energy
resistance 3, torment resistance, unbreathing, in touch with death 1
a: Renounce Religion


You were on level 2 of the Orcish Mines.
You worshipped Vehumet.
Vehumet was greatly pleased with you.
You were not hungry.

You visited 3 branches of the dungeon, and saw 16 of its levels.

You collected 2131 gold pieces.

Inventory:

Hand Weapons
 a - a +1 whip of electrocution (weapon)
 b - a +2 whip of venom
Missiles
 q - 180 stones (quivered)
Armour
 c - a +0 cloak of poison resistance (worn)
 m - a +0 pair of boots (worn)
 p - a +0 helmet (worn)
 w - a +0 troll leather armour (worn)
 y - a +0 buckler (worn)
Jewellery
 e - an uncursed ring of flight
 j - a +4 ring of intelligence (left hand)
 l - an amulet of regeneration (around neck)
 r - a +2 ring of protection
 B - a ring of protection from magic (right hand)
 C - an uncursed ring of ice
Wands
 i - a wand of acid (8)
 n - a wand of paralysis (21)
 o - a wand of flame (35)
 t - a wand of clouds (4)
 v - a wand of enslavement (6)
 A - a wand of digging (11)
Scrolls
 d - 5 scrolls of amnesia {!r}
 f - 2 scrolls of enchant armour {!r}
 h - 8 scrolls of remove curse {!r}
 k - 2 scrolls of magic mapping {!r}
 s - 3 scrolls of identify {!r}
 u - a scroll of silence {!r}
 x - a scroll of torment {!r}


   Skills:
 - Level 1.5 Dodging
 - Level 1.5 Stealth
 - Level 4.0 Shields
 + Level 14.5 Spellcasting
 - Level 0.7 Transmutations
 * Level 14.6 Earth Magic


You had 22 spell levels left.
You knew the following spells:

 Your Spells              Type           Power        Failure   Level  Hunger
a - Stone Arrow           Conj/Erth      #####.       1%          3    N/A
b - Passwall              Tmut/Erth      #####...     1%          2    N/A
c - Sandblast             Erth           ######       0%          1    N/A
d - Lee's Rapid Deconstr  Erth           ######....   1%          5    N/A
e - Petrify               Tmut/Erth      #####...     1%          4    N/A
f - Mephitic Cloud        Conj/Pois/Air  ###.....     4%          3    N/A
g - Summon Butterflies    Summ           ###.....     4%          1    N/A

Your spell library contained the following spells:

 Spells                   Type           Power        Failure   Level  Hunger
 Apportation              Tloc           ###...       4%          1    N/A
 Invisibility             Hex            ###.....     100%        6    N/A
 Venom Bolt               Conj/Pois      ###.......   32%         5    N/A
 Olgreb's Toxic Radiance  Pois           ###.....     13%         4    N/A
 Sting                    Conj/Pois      ###.         1%          1    N/A
 Tukima's Dance           Hex            ###.....     14%         3    N/A
 Alistair's Intoxication  Tmut/Pois      ###.....     75%         5    N/A
 Lesser Beckoning         Tloc           ###.......   14%         3    N/A
 Poisonous Vapours        Pois/Air       ###...       8%          2    N/A

Dungeon Overview and Level Annotations

Branches:
Dungeon (13/15)            Temple (1/1) D:6            Lair (0/6) D:8
    Orc (2/2) D:11            Elf (0/3) Orc:2
 Vaults: D:13-14

Altars:
Ashenzari
Cheibriados
Elyvilon
Fedhas
Gozag
Nemelex Xobeh
Okawaru
Sif Muna
Trog
Uskayaw
Vehumet
Yredelemnul
Beogh

Shops:
D:7 (   D:13 :=%   Orc:2 (

Annotations:
D:10 exclusion: downstairs
D:12 Rupert


Innate Abilities, Weirdness & Mutations

You do not eat or drink.
Your flesh is vulnerable to fire.
You are immune to poison.
Your flesh is cold resistant. (rC+)
You are immune to negative energy. (rN+++)
You are immune to unholy pain and torment.
You can survive without breathing.
You are in touch with the powers of death.


Message History

Things that are here:
a tomahawk; 2 bolts An orc warrior comes into view.
It is wielding a hand axe.
You block the orc warrior's attack.
The orc knight shoots a bolt.
The bolt barely misses you.
The orc warrior unwields an uncursed broad axe.
The orc warrior wields an arbalest.
The orc warrior shoots a bolt.
The bolt hits you.
* * * LOW HITPOINT WARNING * * *
You hear a shout!
You see here a bolt.
An ogre comes into view. It is wielding a giant club.
You block the orc warrior's attack.
The centaur wields a shortbow.
The centaur shoots an arrow.
The arrow hits you but does no damage.
You see here an arrow.
The orc warrior shoots a bolt.
The bolt closely misses you. The orc hits you with a short sword.
* * * LOW HITPOINT WARNING * * *
The centaur shoots an arrow.
You block the arrow. You block the orc warrior's attack.
The orc wizard hits you but does no damage.
The gnoll barely misses you.
Things that are here:
an arrow; a bolt The orc barely misses you.
The orc warrior shoots a bolt.
The bolt hits you!!
* * * LOW HITPOINT WARNING * * *
You see here a bolt.
Really read
z - a scroll of blinking {!r}?
Okay, then.
Really read
D - a scroll of fear {!r}?
As you read the scroll of fear {!r}, it crumbles to dust.
You assume a fearsome visage.
The orc warrior looks frightened!
The orc looks frightened!
The orc warrior looks frightened!
The orc knight looks frightened!
The orc warrior looks frightened! x2
The orc looks frightened!
The orc warrior looks frightened! x4
The centaur looks frightened!
The orc looks frightened! x2
The orc warrior looks frightened!
The orc looks frightened!
The orc wizard looks frightened!
The orc looks frightened!
The orc wizard resists with some effort.
The orc warrior looks frightened!
The orc looks frightened! x3
The gnoll looks frightened! x3; The ogre looks frightened!
The orc wizard misses you.
The orc wizard mumbles some strange words.
The orc wizard flickers and vanishes!
Deactivating autopickup; reactivate with Ctrl-A.
An orc comes into view. It is wielding a hand axe.
Really read
z - a scroll of blinking {!r}?
Blink to where?
Press: ? - help, Dir - move target cursor You are very lightly contaminated with residual magic.
As you read the scroll of blinking {!r}, it crumbles to dust.
An orc and a centaur come into view.
The centaur shouts!
An orc comes into view. It is wielding a hand axe.
The centaur wields a shortbow.
The centaur shoots an arrow.
The arrow hits you.
* * * LOW HITPOINT WARNING * * *
A warg comes into view.
The orc moves out of view.
You hear a shout! x2
Really read
g - a scroll of fog {!r}?
As you read the scroll of fog {!r}, it crumbles to dust.
The scroll dissolves into smoke.
The centaur shoots an arrow.
The arrow hits you!
You die...

,,,,,,,,,,,,,,,,,,,,,,,,,,,,,,,,*
,,,,,,,,,...............,,,,,,,*,
,,,,,,,,,..............o,,,,,,,,,
,,,,,,,,,...............,,,,,,,,,
,,,,,,,,,...............,,,,,,,,,
........................,,,,,*,≈,
.................§......,,,,,*≈*,
.......o.......§§§.....c,,,,,,≈,≈
........o......§@§§.....,,,,,≈,,≈
.....o.o..o....§§§......,,,,,,,,,
....oggg...O{..§§.......,,,,,,,,*
....o.o..o..............,,,,,,,,,
.......(o...............,,,,,,,,,
....o(oo.c..............,,,,,,,,,
..(..o..................,,,,,,,,,
...o.o.o................,,,,,,,,,
.(...............,,,,,,,,,,,,,,,,


You could see an orc warrior (fleeing), an ogre (fleeing), 2 centaurs, an orc
wizard and an orc (wandering).

Vanquished Creatures
  Azrael (D:12)
  The ghost of melvinkitnick the Fighter, a journeyman MiMo of Okawaru (D:11)
  Josephine (D:11)
  Harold (D:11)
  Fannar (D:11)
  2 hydras
  5 death yaks (D:7)
  2 two-headed ogres (D:12)
  Sonja (D:12)
  Nergalle (D:11)
  2 unseen horrors (D:11)
  Pikel (D:9)
  A manticore (D:11)
  An ugly thing (D:11)
  An orc sorcerer (Orc:1)
  Maurice (D:11)
  2 gargoyles
  A centaur skeleton (D:11)
  2 trolls
  A hornet (D:7)
  A hippogriff (D:11)
  5 wraiths (D:11)
  2 wyverns
  19 yaks
  6 fire elementals (D:12)
  Eustachio (D:6)
  4 wargs (D:11)
  Menkaure (D:7)
  2 hell hounds (D:12)
  A water moccasin (D:12)
  A spectral hornet (D:11)
  Duvessa (D:7)
  3 ice beasts
  3 sky beasts
  4 slaves (D:9)
  8 orc warriors
  2 phantoms
  6 ogres
  13 centaurs
  2 big kobolds
  6 bullfrogs
  A spectral wyvern (D:11)
  3 scorpions
  2 water moccasin skeletons
  Dowan (D:7)
  8 wights
  3 electric eels (D:9)
  3 howler monkeys
  14 crimson imps
  2 centaur zombies
  2 bullfrog zombies (D:11)
  2 quasits
  11 hounds
  2 bullfrog skeletons
  7 orc priests
  3 jellies
  Crazy Yiuf (D:5)
  Ijyb (D:3)
  Jessica (D:2)
  3 iguanas
  Natasha (D:2)
  12 orc wizards
  8 worker ants
  A killer bee zombie (D:10)
  A bullfrog simulacrum (D:11)
  A hound zombie (D:8)
  2 hound skeletons
  2 worker ant zombies
  A howler monkey skeleton (D:4)
  11 adders
  3 shadow imps
  2 oozes
  4 adder skeletons
  3 worms
  6 dart slugs
  3 leopard geckos
  53 orcs
  8 bats
  7 giant cockroaches
  6 goblins
  9 hobgoblins
  10 jackals
  11 kobolds
  3 quokkas
  A ball python (D:4)
  2 frilled lizards
  A jackal zombie (D:5)
  A quokka zombie (D:5)
  6 rats
  A plant (D:9)
370 creatures vanquished.

Vanquished Creatures (others)
  A yak (D:12)
1 creature vanquished.

Grand Total: 371 creatures vanquished

Notes
Turn   | Place    | Note
-------+----------+-------------------------------------------
     0 | D:1      | Amnesiac the Mummy Earth Elementalist began the quest for the Orb.
     0 | D:1      | Reached XP level 1. HP: 13/13 MP: 4/4
   330 | D:1      | Reached XP level 2. HP: 19/19 MP: 5/5
   334 | D:1      | Learned a level 2 spell: Passwall
   663 | D:2      | Found a faded altar of an unknown god.
   668 | D:2      | Became a worshipper of Gozag Ym Sagoz the Greedy
   767 | D:2      | Noticed Jessica
   780 | D:2      | Killed Jessica
   780 | D:2      | Reached XP level 3. HP: 17/24 MP: 4/7
   845 | D:2      | Found a shattered altar of Ashenzari.
  1410 | D:1      | Reached XP level 4. HP: 22/30 MP: 9/9
  1960 | D:2      | Noticed Natasha
  1967 | D:2      | Killed Natasha
  2048 | D:2      | Found a bloodstained altar of Trog.
  2109 | D:2      | Learned a level 3 spell: Stone Arrow
  2114 | D:2      | Learned a level 4 spell: Petrify
  2498 | D:3      | Reached XP level 5. HP: 19/35 MP: 5/11
  2738 | D:3      | Found a sparkling altar of Nemelex Xobeh.
  2740 | D:3      | Found a snail-covered altar of Cheibriados.
  2949 | D:3      | Found a blossoming altar of Fedhas.
  2950 | D:3      | Noticed Ijyb
  2965 | D:3      | Paralysed by Ijyb for 3 turns
  2967 | D:3      | Killed Ijyb
  3282 | D:4      | Reached XP level 6. HP: 35/41 MP: 13/13
  3300 | D:4      | Reached skill level 5 in Spellcasting
  3300 | D:4      | Reached skill level 5 in Earth Magic
  3309 | D:4      | Learned a level 5 spell: Lee's Rapid Deconstruction
  4370 | D:5      | Entered Level 5 of the Dungeon
  4385 | D:5      | Reached XP level 7. HP: 30/46 MP: 13/15
  4911 | D:5      | Reached XP level 8. HP: 39/52 MP: 18/18
  4919 | D:5      | Found a runed door.
  4979 | D:5      | Found a white marble altar of Elyvilon.
  5033 | D:5      | Found a basalt altar of Yredelemnul.
  5225 | D:5      | Noticed Crazy Yiuf
  5227 | D:5      | Killed Crazy Yiuf
  5373 | D:6      | Noticed Eustachio
  5385 | D:6      | Killed Eustachio
  5670 | D:6      | Found a staircase to the Ecumenical Temple.
  5682 | Temple   | Entered the Ecumenical Temple
  5766 | Temple   | Fell from the grace of Gozag
  5766 | Temple   | Became a worshipper of Vehumet
  5990 | D:6      | Found an opulent altar of Gozag.
  6173 | D:7      | Reached XP level 9. HP: 53/57 MP: 15/21
  6183 | D:7      | Found a deep blue altar of Sif Muna.
  6551 | D:7      | Noticed Duvessa
  6551 | D:7      | Noticed Dowan
  6552 | D:7      | Killed Dowan
  6555 | D:7      | Killed Duvessa
  6624 | D:7      | Found Fuzygof's Weapon Shoppe.
  6638 | D:7      | Noticed Menkaure
  6641 | D:7      | Killed Menkaure
  6997 | D:8      | Found a basalt altar of Yredelemnul.
  7080 | D:8      | Reached * piety under Vehumet
  7080 | D:8      | Offered knowledge of Flame Tongue by Vehumet.
  7116 | D:8      | Noticed a death yak
  7116 | D:8      | Noticed a death yak
  7117 | D:8      | Noticed a death yak
  7135 | D:8      | Learned a level 3 spell: Mephitic Cloud
  7135 | D:8      | Noticed a death yak
  7205 | D:7      | Killed a death yak
  7205 | D:7      | Reached skill level 10 in Earth Magic
  7244 | D:8      | Noticed a gargoyle
  7246 | D:8      | Killed a gargoyle
  7246 | D:8      | Reached skill level 10 in Spellcasting
  7250 | D:7      | Was forgiven by Gozag
  7324 | D:8      | Found a staircase to the Lair.
  7348 | D:8      | Reached XP level 10. HP: 59/63 MP: 18/24
  7412 | D:8      | Noticed a death yak
  7491 | D:7      | Killed a death yak
  7631 | D:7      | Killed a death yak
  8188 | D:7      | Killed a death yak
  8428 | D:7      | Killed a death yak
  8725 | D:9      | Found an iron altar of Okawaru.
  8865 | D:9      | Noticed Pikel
  8872 | D:9      | Killed Pikel
  8938 | D:9      | Reached XP level 11. HP: 68/68 MP: 0/26
  9872 | D:10     | Entered Level 10 of the Dungeon
  9966 | D:10     | Reached ** piety under Vehumet
  9966 | D:10     | Offered knowledge of Throw Flame by Vehumet.
 10312 | D:11     | Noticed Josephine
 10356 | D:11     | Noticed Nergalle
 10356 | D:11     | Noticed a green ugly thing
 10366 | D:11     | Killed a green ugly thing
 10367 | D:11     | Killed Nergalle
 10367 | D:11     | Reached skill level 1 in Shields
 10568 | D:11     | Offered knowledge of Ignite Poison by Vehumet.
 10594 | D:11     | Killed Josephine
 10819 | D:11     | Noticed a wizard
 10842 | D:11     | Noticed Harold
 10887 | D:11     | Killed Harold
 10946 | D:11     | Reached *** piety under Vehumet
 11029 | D:11     | Found a runed gate.
 11030 | D:11     | Found a runed gate.
 11031 | D:11     | Found a runed gate.
 11031 | D:11     | Noticed melvinkitnick's ghost (journeyman MiMo)
 11081 | D:11     | Noticed a six-headed hydra
 11086 | D:11     | Killed a six-headed hydra
 11086 | D:11     | Reached XP level 12. HP: 57/74 MP: 13/29
 11270 | D:11     | Found a staircase to the Orcish Mines.
 11324 | D:11     | Offered knowledge of Force Lance by Vehumet.
 11441 | D:11     | Noticed Maurice
 11460 | D:11     | Killed Maurice
 11625 | D:11     | Noticed Fannar
 11630 | D:11     | Killed Fannar
 11912 | D:11     | Killed melvinkitnick's ghost
 11962 | D:12     | Noticed Sonja
 11963 | D:12     | Killed Sonja
 11967 | D:12     | Noticed a two-headed ogre
 12105 | D:12     | Found a snail-covered altar of Cheibriados.
 12130 | D:12     | Noticed a two-headed ogre
 12132 | D:12     | Killed a two-headed ogre
 12148 | D:12     | Noticed Rupert
 12455 | D:12     | Noticed a seven-headed hydra
 12459 | D:12     | Killed a seven-headed hydra
 12815 | D:12     | Reached **** piety under Vehumet
 12947 | D:12     | Killed a two-headed ogre
 13026 | D:12     | Noticed Azrael
 13855 | D:12     | Offered knowledge of Inner Flame by Vehumet.
 13996 | D:12     | Killed Azrael
 14196 | D:13     | Found Naimy's Jewellery Emporium.
 14233 | D:13     | Learned a level 1 spell: Summon Butterflies
 14268 | D:13     | Found Reggyss's Food Shoppe.
 14289 | D:13     | Found Reuseppi's Book Boutique.
 14366 | Orc:1    | Entered Level 1 of the Orcish Mines
 14366 | Orc:1    | Found a runed door.
 14367 | Orc:1    | Gained mutation: You are in touch with the powers of death. [Mummy growth]
 14367 | Orc:1    | Reached XP level 13. HP: 79/79 MP: 25/31
 14750 | Orc:1    | Found a roughly hewn altar of Beogh.
 14799 | Orc:2    | Entered Level 2 of the Orcish Mines
 14876 | Orc:2    | Found Vojych's Antique Weapon Shop.
 15253 | Orc:2    | Shot with an arrow by a centaur

Vault maps used:
D:1:      dpeg_arrival_morbid_curiosity
D:2:      nicolae_overflow_hidden_temple, lightli_temple_of_fire,
          chequers_ecumenical_altar_lobes, minmay_tree_intersection,
          kennysheep_jessica_study, uniq_natasha, uniq_jessica
D:3:      minitemple, fedhas_altar_1, uniq_ijyb
D:4:      first_ration
D:5:      kennysheep_ying_yang, uniq_crazy_yiuf_cottage
D:6:      grunt_gozag_statues, minmay_temple_entry_statues_fountains,
          hangedman_decor_points, uniq_eustachio
D:7:      lemuel_doored_altar, serial_shops, shop, uniq_menkaure, uniq_duvessa
D:8:      dpeg_lair_monsters, basic_altar, blue_anna_alchemist,
          minmay_stone_trees_medium
D:9:      lemuel_round_altar, serial_bayou_lake_a, uniq_pikel
D:11:     minmay_orc_entry_guard_dogs, gammafunk_ghost_necromancy,
          grunt_ministairs_15, lightli_corner_chamber, uniq_nergalle,
          uniq_fannar, uniq_maurice, uniq_josephine, uniq_harold
D:12:     basic_altar, minmay_nine_imps, uniq_rupert, uniq_azrael, uniq_sonja
D:13:     basic_altar, serial_shops, shop, shop, shop,
          nicolae_shop_behind_doors, nicolae_shop_stone, uniq_erolcha
Temple:   nicolae_temple_hex_pool
Orc:1:    lightli_church_of_beogh
Orc:2:    st_orc_rangers, nicolae_volcano_entry_lava_flow, serial_shops, shop,
          library_closet, lightli_orcish_oven

Skill      XL: |  1  2  3  4  5  6  7  8  9 10 11 12 |
---------------+-------------------------------------+-----
Earth Magic    | 3 4 5 6 8 10 11 13 14 | 14.6
Spellcasting   | 3 4 5 6 8 10 11 13 14 | 14.5
Shields        | 3 4 |  4.0
Dodging        | |  1.5
Stealth        | |  1.5
Transmutations | |  0.7

Action                   |  1- 3 |  4- 6 |  7- 9 | 10-12 | 13-15 || total
-------------------------+-------+-------+-------+-------+-------++-------
Melee: Mace              |    63 |    66 |       |       |       ||   129
       Whip              |       |   118 |   137 |   167 |    18 ||   440
 Cast: Sandblast         |    19 |    23 |    85 |    74 |       ||   201
       Lee's Rapid Decon |       |       |    22 |   179 |    25 ||   226
       Mephitic Cloud    |       |       |     3 |    26 |       ||    29
       Petrify           |       |       |     1 |     5 |     5 ||    11
       Stone Arrow       |       |       |       |    20 |     9 ||    29
       Passwall          |       |       |       |       |     4 ||     4
Evoke: Wand              |       |       |     4 |    15 |       ||    19
  Use: Scroll            |       |     6 |     5 |     7 |     5 ||    23
 Stab: Sleeping          |     2 |     2 |     2 |     1 |       ||     7
       Paralysed         |       |       |     5 |       |       ||     5
       Confused          |       |       |     3 |     5 |       ||     8
       Petrified         |       |       |       |     5 |       ||     5
Armor: Robe              |    16 |    49 |    37 |     9 |       ||   111
       Troll leather arm |       |       |       |    81 |     8 ||    89
Dodge: Dodged            |    61 |   125 |    91 |   134 |    25 ||   436
Block: Buckler           |       |       |       |    20 |     9 ||    29

Table legend:
 A = Spawn XP
 B = Non-spawn XP
 C = Spawn XP percentage of total XP
 D = Spawn monster count
 E = Non-spawn monster count
 F = Spawn count percentage of total count
 G = Total turns spent on level
                    A         B        C        D         E        F      G
               +---------+---------+-------+---------+---------+-------+---------
         Total |       0 |   40152 |   0.0 |       0 |     365 |   0.0 | 15253
               +---------+---------+-------+---------+---------+-------+---------
           D:1 |       0 |      51 |   0.0 |       0 |      23 |   0.0 |  1178
           D:2 |       0 |     123 |   0.0 |       0 |      23 |   0.0 |  1251
           D:3 |       0 |     105 |   0.0 |       0 |      22 |   0.0 |   656
           D:4 |       0 |     419 |   0.0 |       0 |      15 |   0.0 |  1285
           D:5 |       0 |     881 |   0.0 |       0 |      28 |   0.0 |   932
           D:6 |       0 |    1084 |   0.0 |       0 |      21 |   0.0 |   762
           D:7 |       0 |    5628 |   0.0 |       0 |      26 |   0.0 |  2044
           D:8 |       0 |     880 |   0.0 |       0 |      14 |   0.0 |   590
           D:9 |       0 |    3337 |   0.0 |       0 |      30 |   0.0 |  1154
          D:10 |       0 |    2420 |   0.0 |       0 |      24 |   0.0 |   583
          D:11 |       0 |   13782 |   0.0 |       0 |      55 |   0.0 |  1660
          D:12 |       0 |    8991 |   0.0 |       0 |      44 |   0.0 |  2142
          D:13 |       0 |     152 |   0.0 |       0 |       4 |   0.0 |   109
        Temple |       0 |       2 |   0.0 |       0 |       1 |   0.0 |    20
         Orc:1 |       0 |    1302 |   0.0 |       0 |      18 |   0.0 |   477
         Orc:2 |       0 |     995 |   0.0 |       0 |      17 |   0.0 |   410
               +---------+---------+-------+---------+---------+-------+---------
